 Dungeon Crawl Stone Soup version 0.30-a0-739-gea05faddec (webtiles) character file.

Game seed: 8794307069915966397

1 jimonade the Ducker (level 1, -5/18 HPs)
             Began as a Djinni Gladiator on Feb 4, 2023.
             Slain by a goblin
             ... wielding a +1 dagger of electrocution
              (19 damage)
             ... on level 1 of the Dungeon.
             The game lasted 00:00:15 (27 turns).

jimonade the Ducker (Djinni Gladiator)                Turns: 27, Time: 00:00:15

Health: -5/18      AC:  4    Str: 13    XL:     1   Next: 22%
Gold:   0          EV: 12    Int:  9    God:
                   SH:  0    Dex: 14

rFire   + + .      SeeInvis .    a - +0 rapier
rCold   x . .      Faith    .    (no shield)
rNeg    . . .      Spirit   .    b - +0 leather armour
rPois   ∞          Reflect  .    c - +0 helmet
rElec   .          Harm     .    (no cloak)
rCorr   .          Rampage  .    (no gloves)
Will    .....                    (boots unavailable)
Stlth   +                        (no amulet)
HPRegen 0.23/turn                (no ring)
MPRegen 0.00/turn                (no ring)

@: flying
A: sickness immunity, fire resistance 2, cold vulnerability 1, float, innate
caster, HP casting, extra vitality 1
a: no special abilities


You were on level 1 of the Dungeon.
You visited 1 branch of the dungeon, and saw 1 of its levels.

Inventory:

Hand Weapons
 a - a +0 rapier (weapon)
Missiles
 d - 3 throwing nets (quivered)
 e - a javelin
Armour
 b - a +0 leather armour (worn)
 c - a +0 helmet (worn)


   Skills:
 + Level 2.0 Fighting
 * Level 2.8 Short Blades
 + Level 1.5 Throwing
 + Level 3.2 Dodging


You couldn't memorise any spells.
You didn't know any spells.
Your spell library was empty.

Dungeon Overview and Level Annotations

Branches:
Dungeon (1/15)

Altars:


Innate Abilities, Weirdness & Mutations

You are immune to sickness and miasma.
You are immune to poison.
Your flesh is very heat resistant. (rF++)
You are vulnerable to cold. (rC-)
You float through the air rather than walking.
You learn spells naturally, not from books.
Your magical power is your life essence.
You have superior vitality. (+4 MHP)


Message History

A kobold comes into view. It is wielding a +0 short sword.
Found 12 gold pieces.
The kobold shouts!
A goblin comes into view.
It is wielding a +1 dagger of electrocution.
Found three items.
The goblin shouts!
You barely miss the quokka. The quokka barely misses you. The quokka bites you.
You hit the quokka.
The quokka is severely wounded.
The quokka closely misses you.
The kobold hits you with a +0 short sword.
The kobold attacks as you move away! The kobold hits you but does no damage.
The quokka attacks as you move away! The quokka closely misses you.
The quokka attacks as you move away! The quokka barely misses you.
The kobold attacks as you move away! The kobold barely misses you.
The quokka barely misses you. The quokka attacks as you move away!
The quokka bites you. The kobold attacks as you move away!
The kobold hits you with a +0 short sword.
You closely miss the quokka.
The quokka is severely wounded.
You hit the quokka.
You kill the quokka!
The goblin splashes around in the water.
You barely miss the goblin. The goblin closely misses you.
You miss the goblin.
The goblin splashes around in the water.
You closely miss the goblin.
The goblin splashes around in the water.
You hit the goblin.
The goblin is severely wounded.
The goblin barely misses you.
You closely miss the goblin.
The goblin is severely wounded.
The goblin splashes around in the water.
You closely miss the goblin.
The goblin is severely wounded.
The goblin hits you but does no damage.
You are electrocuted!!
Ouch! That really hurt!
You die...

#............#. .#
#..........#....#.##
#....?......(##..... .#
#...........###...###..#
#..........~~~≈§§§~~~..#
...........~8~~§≈~~8~..#
#.........~~8~§§~8~~..#
#.........≈gK####~~§...
..........!@§~'.<#~≈§...
#?.........≈≈~'..#~≈≈$..
.!$........≈~~####~~≈...
...........~~8~~~~8~~...
.).........~8~~≈≈~~8~...
...........~~~§§§≈~~~###
####......############
#######


You could see a goblin and a kobold.

Vanquished Creatures
  A quokka (D:1)
1 creature vanquished.

Notes
Turn   | Place    | Note
-------+----------+-------------------------------------------
     0 | D:1      | jimonade the Djinni Gladiator began the quest for the Orb.
     0 | D:1      | Reached XP level 1. HP: 18/18 MP: 0/0
    27 | D:1      | Slain by a goblin

Illustrated notes

Levels and vault maps discovered:
D:1:      lightli_arrival_boilingwater, layout_rooms

Action                     || total
---------------------------++-------
  Melee: Rapier            ||    10
 Armour: Leather armour    ||     2
  Dodge: Dodged            ||     8

Table legend: (Time is in decaauts)
 A = Elapsed time spent in this place.
 B = Non-inter-level travel time spent in this place.
 C = Inter-level travel time spent in this place.
 D = Time resting spent in this place.
 E = Time spent auto-exploring this place.
 F = Levels seen in this place.
 G = Mean time per level.
                   A        B        C        D        E       F      G
               +--------+--------+--------+--------+--------+-----+--------+
         Total |     27 |     27 |      0 |      0 |      5 |   1 |   27.0 |
       Dungeon |     27 |     27 |      0 |      0 |      5 |   1 |   27.0 |
               +--------+--------+--------+--------+--------+-----+--------+

Top non-repeatable levels by time:
     D:1: 27 daAuts
